 Dungeon Crawl Stone Soup version 0.29.1-2-gbd0b4ee654 (webtiles) character file.

Game seed: 11377255927921392949

42 Icepheonix32 the Insei (level 3, -7/27 HPs)
             Began as a Demigod Transmuter on Nov 4, 2022.
             Mangled by a gnoll
             ... wielding a +0 halberd
              (12 damage)
             ... on level 2 of the Dungeon.
             The game lasted 00:01:58 (2235 turns).

Icepheonix32 the Insei (Demigod Transmuter)         Turns: 2235, Time: 00:01:58

Health: -7/27      AC:  2    Str: 11    XL:     3   Next: 17%
Magic:  7/8        EV: 12    Int: 19    God:
Gold:   88         SH:  0    Dex: 14    Spells: 5/6 levels left

rFire   . . .      SeeInvis .     - Unarmed
rCold   . . .      Faith    .   (no shield)
rNeg    . . .      Spirit   .   a - +0 robe
rPois   .          Reflect  .   (helmet currently unavailable)
rElec   .          Harm     .   (no cloak)
rCorr   .          Rampage  .   (no gloves)
Will    .....                   (boots currently unavailable)
Stlth   +.........              (no amulet)
HPRegen 0.09/turn               (no ring)
MPRegen 0.11/turn               (no ring)

@: about to teleport, appendages (expiring)
A: horns 2, talons 2, high MP 1, forlorn, divine attributes
a: End Transformation


You were on level 2 of the Dungeon.
You had temporarily grown beastly horns and talons.
You visited 1 branch of the dungeon, and saw 2 of its levels.

You collected 160 gold pieces.
You spent 72 gold pieces at shops.

Inventory:

Armour
 a - a +0 robe (worn)
Scrolls
 d - 3 scrolls of magic mapping {unknown}
 i - a scroll of fear {unknown}
 j - a scroll of teleportation
Potions
 b - a potion of lignification
 e - a potion of attraction {unknown}
 f - 2 potions of might {unknown}
 g - a potion of haste {unknown}
 h - a potion of curing {unknown}


   Skills:
 + Level 0.8 Fighting
 + Level 1.9 Dodging
 + Level 0.2 Stealth
 + Level 3.2 Unarmed Combat
 + Level 2.2 Spellcasting
 * Level 2.3 Transmutations


You had 5 spell levels left.
You knew the following spells:

 Your Spells              Type           Power      Damage    Failure   Level
a - Beastly Appendage     Tmut           22%        N/A       6%          1

Your spell library contained the following spells:

 Spells                   Type           Power      Damage    Failure   Level
 Wereblood                Tmut           11%        N/A       10%         2
 Shock                    Conj/Air       8%         1d3       17%         1
 Spider Form              Tmut/Pois      6%         N/A       30%         3
 Inner Flame              Hex/Fire       2%         N/A       45%         3
 Swiftness                Air            2%         N/A       45%         3
 Ice Form                 Ice/Tmut       6%         N/A       71%         4
 Airstrike                Air            1%         2d(1-17)  86%         4
 Cause Fear               Hex            1%         N/A       86%         4
 Discord                  Hex            1%         N/A       100%        8


Dungeon Overview and Level Annotations

Branches:
Dungeon (2/15)

Shops:
D:2 *


Innate Abilities, Weirdness & Mutations

You have temporarily grown beastly horns and talons.
You have an increased reservoir of magic. (+10% MP)
You shall have no god before yourself.
Your divine heritage dramatically boosts your attributes as you level up.


Message History

You grow a pair of large bovine horns.
Your feet morph into talons.
You hit the kobold. You claw the kobold.
You kill the kobold!
No target in view!
Your transformation is almost over.
Your horns disappear.
Your talons disappear.
A gnoll comes into view. It is wielding a +0 halberd.
A gnoll is nearby!
You grow a pair of large bovine horns.
Your feet morph into talons.
The gnoll shouts!
You hear a shout!
Blink to where?
Press: ? - help, Dir - move target, f - you Are you sure you want to cancel this blink?
Blink to where?
Press: ? - help, Dir - move target 2 gnolls come into view.
As you read the scroll labelled QOJUEN PA MYNOGUL, it crumbles to dust.
It was a scroll of blinking.
The gnoll shouts!
The gnoll barely misses you.
You hit the gnoll.
The gnoll is moderately wounded.
The gnoll hits you with a +0 halberd. The gnoll completely misses you.
Unknown command.
You hit the gnoll. You claw the gnoll, but do no damage.
Your headbutt misses the gnoll.
The gnoll is moderately wounded.
Your transformation is almost over.
The gnoll completely misses you. The gnoll barely misses you.
The gnoll closely misses you.
Unknown command.
You hit the gnoll but do no damage.
The gnoll is moderately wounded.
The gnoll hits you with a +0 halberd! The gnoll misses you.
The gnoll hits you with a +0 flail!
* * * LOW HITPOINT WARNING * * *
Unknown command.
As you read the scroll of teleportation, it crumbles to dust.
You feel strangely unstable. The gnoll hits you with a +0 halberd!
You die...

#..##......# ##...## #.#
#.##.....### ##+## #.#
###....#.# #.# #.# #....##.#
#.#########.#
##...###.##########...........#
................##...##########
...#####.######.#.....# #[##
#.######.#gg...# ###
#........@g....#
#.######.#.....# #.# #.#..>..#
#.######.###.### #(.......# #.#
########## #.# ##.###.# ###
##.#.##.# #...##.###.#.#


You could see 3 gnolls.

Vanquished Creatures
  An adder (D:2)
  4 endoplasms
  A giant cockroach (D:2)
  6 hobgoblins
  2 quokkas
  4 ball pythons
  2 bats
  3 frilled lizards
  2 goblins (D:2)
  4 kobolds
  2 rats (D:1)
31 creatures vanquished.

Vanquished Creatures (others)
  4 plants (D:2)
4 creatures vanquished.

Grand Total: 35 creatures vanquished

Notes
Turn   | Place    | Note
-------+----------+-------------------------------------------
     0 | D:1      | Icepheonix32 the Demigod Transmuter began the quest for the
                  | Orb.
     0 | D:1      | Reached XP level 1. HP: 15/15 MP: 5/5
    17 | D:1      | Noticed a minotaur skeleton
   861 | D:1      | Reached XP level 2. HP: 20/22 MP: 5/7
  1010 | D:1      | Reached skill level 3 in Unarmed Combat
  1518 | D:2      | Reached XP level 3. HP: 16/27 MP: 6/8
  1910 | D:2      | Found Wicwo's General Store.
  1918 | D:2      | Bought 2 scrolls of teleportation for 72 gold pieces
  2235 | D:2      | Mangled by a gnoll

Illustrated notes

Levels and vault maps discovered:
D:1:      shiori_arrival_whats_in_store_for_you, layout_basic,
          basic_ecumenical_altar, ebering_dispersal_statue_hall,
          wad_floor_pattern_untrapped, minmay_pentomino_s4
D:2:      layout_loops_corners, serial_shops, shop, basic_altar,
          nrook_mini_backslash, minmay_misc_feat_tiny, chequers_big_river

Skill      XL: |  1  2 |
---------------+-------+-----
Spellcasting   | 2 |  2.2
Transmutations | 2 |  2.3
Unarmed Combat | 3 |  3.2
Fighting       | |  0.8
Dodging        | |  1.9
Stealth        | |  0.2

Action                   || total
-------------------------++-------
Melee: Unarmed           ||    64
       Kick              ||    17
       Headbutt          ||     8
 Cast: Beastly Appendage ||    23
  Use: Scroll            ||     2
 Stab: Sleeping          ||     1
Armor: Robe              ||     5
Dodge: Dodged            ||    51
